 Dungeon Crawl Stone Soup version 0.29.1-1-gd02db6906a (webtiles) character file.

Game seed: 6578764708109114574

424190 mortz the Luminary of Lethal Lore (level 23, -15/178 (185) HPs)
             Began as a Gnoll Conjurer on Oct 13, 2022.
             Was the Champion of Vehumet.
             Killed from afar by a war gargoyle (31 damage)
             ... with a spray of metal splinters
             ... on level 5 of the Vaults on Oct 18, 2022.
             The game lasted 12:17:11 (74299 turns).

mortz the Luminary of Lethal Lore (Gnoll Conjurer) Turns: 74299, Time: 12:17:11

HP:   -15/178 (185) AC: 20    Str: 10    XL:     23   Next: 77%
MP:   49/53         EV: 22    Int: 28    God:    Vehumet [******]
Gold: 1588          SH: 20    Dex: 21    Spells: 1/56 levels left

rFire   + . .      SeeInvis +   a - staff of conjuration
rCold   + . .      Faith    .   h - +5 kite shield of Hide-and-Seek {rF+ rC+}
rNeg    . . .      Spirit   .   O - +1 faerie dragon scales {rCorr Str+2 Dex+4}
rPois   +          Reflect  .   F - +2 helmet {SInv}
rElec   +          Harm     .   s - scarf {shadows}
rCorr   +          Rampage  .   p - +1 pair of gloves of Liyluj {Will++ SInv}
Will    +++..                   v - +1 pair of boots "Jisuj" {Fly rElec SInv}
Stlth   +++++++...              N - amulet "Noreeh" {RegenMP Drain +Inv rPois Int+3}
HPRegen 0.39/turn               q - ring "Geaz" {Fly rPois MP+9 Slay+3}
MPRegen 0.73/turn               S - ring of Zufopr Emik {Wiz Dex+4 SInv}

@: brilliant, flying, very slightly contaminated, studying Shields, lightly
drained
A: fangs 1, strong nose, distributed training
}: 2/15 runes: serpentine, barnacled
a: Renounce Religion, Evoke Invisibility


You were on level 5 of the Vaults.
You worshipped Vehumet.
Vehumet was exalted by your worship.
You visited 9 branches of the dungeon, and saw 42 of its levels.
You visited 1 ziggurat, and saw 9 of its levels.
You also visited: Ossuary and Bailey.

You collected 5889 gold pieces.
You spent 4301 gold pieces at shops.

Inventory:

Hand Weapons
 b - a +7 quick blade of venom
 x - the +7 short sword of Dull Judgement {pain, Fly rElec rF++ rCorr}
   (You found it on level 4 of a ziggurat)

   In the hands of one skilled in necromantic magic, it inflicts extra damage on
   living creatures.
   rF:        It greatly protects you from fire.
   rElec:     It insulates you from electricity.
   Fly:       It grants you flight.
   rCorr:     It protects you from acid and corrosion.
 I - a +9 short sword of protection
 V - a +4 eudemon blade of holy wrath
Armour
 h - the +5 kite shield of Hide-and-Seek (worn) {rF+ rC+}
   (You acquired it on level 2 of the Orcish Mines)

   rF:        It protects you from fire.
   rC:        It protects you from cold.
 p - the +1 pair of gloves of Liyluj (worn) {Will++ SInv}
   (You found it on level 8 of a ziggurat)

   SInv:      It lets you see invisible.
   Will:      It greatly increases your willpower.
 s - a scarf of shadows (worn)
 v - the +1 pair of boots "Jisuj" (worn) {Fly rElec SInv}
   (You acquired it on level 4 of the Dungeon)

   rElec:     It insulates you from electricity.
   SInv:      It lets you see invisible.
   Fly:       It grants you flight.
 C - a +2 robe of fire resistance
 F - a +2 helmet of see invisible (worn)
 K - a +2 robe of willpower
 O - the +1 faerie dragon scales (worn) {rCorr Str+2 Dex+4}
   (You took it off the Enchantress on level 1 of the Depths)

   Str:       It affects your strength (+2).
   Dex:       It affects your dexterity (+4).
   rCorr:     It protects you from acid and corrosion.
 U - the +4 robe of Folly {Brilliance Will-โˆž Int+8}
   (You found it on level 7 of a ziggurat)

   It increases the power of your magical spells.
   It halves the magic cost of your spells (rounding up).
   It reduces your willpower to zero.
   Int:       It affects your intelligence (+8).
 W - a +2 scale mail of cold resistance
Magical Staves
 a - a staff of conjuration (weapon)
Jewellery
 q - the ring "Geaz" (left hand) {Fly rPois MP+9 Slay+3}
   (You found it on level 3 of a ziggurat)

   [ring of magical power]

   Slay:      It affects your accuracy & damage with ranged weapons and melee
   (+3).
   rPois:     It protects you from poison.
   MP:        It affects your magic capacity (+9).
   Fly:       It grants you flight.
 u - a ring of protection from fire
 B - an amulet of regeneration
 D - a ring of willpower
 N - the amulet "Noreeh" (around neck) {RegenMP Drain +Inv rPois Int+3}
   (You found it on level 12 of the Dungeon)

   [amulet of magic regeneration]

   It increases your rate of magic regeneration.
   Int:       It affects your intelligence (+3).
   rPois:     It protects you from poison.
   +Inv:      It lets you turn invisible.
   Drain:     It drains your maximum health when unequipped.
 S - the ring of Zufopr Emik (right hand) {Wiz Dex+4 SInv}
   (You found it on level 12 of the Dungeon)

   [ring of wizardry]

   It improves your spell success rate.
   Dex:       It affects your dexterity (+4).
   SInv:      It lets you see invisible.
 T - a ring of magical power
Wands
 m - a wand of quicksilver (10)
 o - a wand of polymorph (15)
 y - a wand of mindburst (7)
 H - a wand of flame (20)
 J - a wand of roots (52)
 L - a wand of digging (8)
 Q - a wand of paralysis (35)
Scrolls
 c - 5 scrolls of fear
 f - 6 scrolls of silence
 t - 2 scrolls of summoning
 w - 3 scrolls of amnesia
 A - 15 scrolls of teleportation
 P - 7 scrolls of magic mapping
 R - 7 scrolls of fog
 X - 2 scrolls of immolation
 Z - 16 scrolls of blinking
Potions
 e - 12 potions of curing
 g - 6 potions of resistance
 i - 3 potions of invisibility
 j - 3 potions of haste
 k - 9 potions of mutation
 l - 4 potions of heal wounds
 r - 14 potions of might
 z - 9 potions of brilliance
 E - a potion of magic
 G - 6 potions of cancellation
Miscellaneous
 d - a condenser vane
 n - a phial of floods
 M - a phantom mirror
 Y - a box of beasts


   Skills:
 + Level 16.4 Fighting
 + Level 16.4 Short Blades
 + Level 16.4 Long Blades
 + Level 16.4 Axes
 + Level 16.4 Maces & Flails
 + Level 16.4 Polearms
 + Level 16.4 Staves
 + Level 16.4 Ranged Weapons
 + Level 16.4 Throwing
 + Level 16.4 Armour
 + Level 17.0 Dodging
 + Level 16.9 Stealth
 + Level 16.7 Shields
 + Level 16.4 Unarmed Combat
 + Level 17.1 Spellcasting
 + Level 15.5 Conjurations
 + Level 14.0 Hexes
 + Level 14.0 Summonings
 + Level 14.0 Necromancy
 + Level 14.0 Translocations
 + Level 14.0 Transmutations
 + Level 14.0 Fire Magic
 + Level 14.0 Ice Magic
 + Level 14.0 Air Magic
 + Level 14.0 Earth Magic
 + Level 14.0 Poison Magic
 + Level 17.8 Invocations
 + Level 16.4 Evocations


You had one spell level left.
You knew the following spells:

 Your Spells              Type           Power      Damage    Failure   Level
a - Magic Dart            Conj           100%       1d8       0%          1
b - Passwall              Tmut/Erth      84%        N/A       0%          2
c - Iskenderun's Mystic   Conj/Tloc      100%       2d19      1%          4
d - Static Discharge      Conj/Air       100%       3-16/arc  0%          2
e - Shock                 Conj/Air       100%       1d9       0%          1
f - Fireball              Conj/Fire      63%        3d24      1%          5
g - Sandblast             Erth           100%       2d20      0%          1
h - Stone Arrow           Conj/Erth      100%       3d13      1%          3
i - Iron Shot             Conj/Erth      63%        9d12      1%          6
j - Fulminant Prism       Conj/Hex       63%        3d27      1%          4
o - Orb of Destruction    Conj           64%        9d15      1%          7
r - Ozocubu's Refrigerat  Ice            50%        4d18      1%          7
s - Spellforged Servitor  Conj/Summ      63%        N/A       1%          7
z - Freezing Cloud        Conj/Ice/Air   63%        6-21      1%          5

Your spell library contained the following spells:

 Spells                   Type           Power      Damage    Failure   Level
 Apportation              Tloc           100%       N/A       0%          1
 Necrotise                Necr           100%       1d9       0%          1
 Slow                     Hex            100%       N/A       0%          1
 Sting                    Tmut/Pois      100%       1d8       0%          1
 Summon Small Mammal      Summ           100%       N/A       0%          1
 Call Imp                 Summ           100%       N/A       0%          2
 Ensorcelled Hibernation  Hex/Ice        100%       N/A       0%          2
 Searing Ray              Conj           100%       2d8       0%          2
 Call Canine Familiar     Summ           100%       N/A       1%          3
 Confusing Touch          Hex            100%       N/A       1%          3
 Dazzling Flash           Conj/Hex       100%       N/A       1%          3
 Gell's Gravitas          Tloc           100%       N/A       1%          3
 Ignite Poison            Fire/Tmut/Pois 100%       N/A       1%          3
 Mephitic Cloud           Conj/Pois/Air  100%       N/A       1%          3
 Portal Projectile        Hex/Tloc       100%       N/A       1%          3
 Spider Form              Tmut/Pois      100%       N/A       1%          3
 Summon Guardian Golem    Hex/Summ       100%       N/A       1%          3
 Swiftness                Air            100%       N/A       1%          3
 Teleport Other           Tloc           100%       N/A       1%          3
 Tukima's Dance           Hex            100%       N/A       1%          3
 Vampiric Draining        Necr           100%       2d13      1%          3
 Airstrike                Air            50%        2d(8-24)  1%          4
 Hailstorm                Conj/Ice       100%       3d20      1%          4
 Ice Form                 Ice/Tmut       100%       N/A       1%          4
 Leda's Liquefaction      Hex/Erth       50%        N/A       1%          4
 Olgreb's Toxic Radiance  Pois           100%       N/A       1%          4
 Passage of Golubria      Tloc           100%       N/A       1%          4
 Sticky Flame             Conj/Fire      100%       2d11      1%          4
 Summon Ice Beast         Ice/Summ       100%       N/A       1%          4
 Agony                    Necr           100%       N/A       1%          5
 Alistair's Intoxication  Tmut/Pois      67%        N/A       1%          5
 Blade Hands              Tmut           50%        N/A       1%          5
 Irradiate                Conj/Tmut      63%        3d32      1%          5
 Lee's Rapid Deconstruct  Erth           50%        3d25*     1%          5
 Lightning Bolt           Conj/Air       63%        1d86      1%          5
 Summon Mana Viper        Hex/Summ       100%       N/A       1%          5
 Yara's Violent Unravell  Hex/Tmut       50%        3d19      1%          5
 Conjure Ball Lightning   Conj/Air       63%        3x3d23    1%          6
 Dispersal                Tloc           50%        N/A       1%          6
 Simulacrum               Ice/Necr       50%        N/A       1%          6
 Starburst                Conj/Fire      63%        6d17      1%          6
 Statue Form              Tmut/Erth      67%        N/A       1%          6
 Dragon Form              Tmut           50%        N/A       4%          7
 Monstrous Menagerie      Summ           50%        N/A       4%          7
 Ignition                 Fire           50%        3d14      10%         8
 Maxwell's Capacitive Co  Air            50%        โˆž       10%         8
 Borgnjor's Revivificati  Necr           50%        N/A       32%         8
 Necromutation            Tmut/Necr      50%        N/A       32%         8
 Chain Lightning          Conj/Air       63%        3d84      63%         9
 Fire Storm               Conj/Fire      63%        8d16      63%         9
 Polar Vortex             Ice            50%        N/A       73%         9
 Shatter                  Erth           50%        3d38*     73%         9
 Death's Door             Necr           50%        N/A       99%         9


Dungeon Overview and Level Annotations

Branches:
Dungeon (15/15) Zot: 24653  Temple (1/1) D:7 Zot: 5860    Lair (5/5) D:9 Zot: 18302
 Shoals (4/4) Lair:3 Zot: 17519   Snake (4/4) Lair:3 Zot: 15203   Slime (0/5) Lair:5
    Orc (2/2) D:12 Zot: 10098     Elf (2/3) Orc:2 Zot: 8994  Vaults (5/5) D:13 Zot: 20893
  Crypt (0/3) Vaults:2     Depths (4/4) D:15 Zot: 18166     Zot (0/5) Depths:4
Ossuary (visited)          Bailey (visited)

Altars:
Ashenzari
Cheibriados
Dithmenos
Elyvilon
Fedhas
Gozag
Hepliaklqana
Kikubaaqudgha
Makhleb
Nemelex Xobeh
Okawaru
Qazlal
Ru
Sif Muna
Trog
Uskayaw
Vehumet
Wu Jian
Xom
Yredelemnul
Zin
The Shining One
Jiyva

Shops:
D:15 =   Orc:1 *   Orc:2 ***!   Elf:1 *   Shoals:2 (   Snake:1 [   Vaults:2 *
Vaults:4 ***   Depths:1 *   Depths:2 [   Depths:4 *:*

Portals:
Hell: Depths:1 Depths:2 Depths:3 Depths:4
Abyss: Depths:2 Depths:3 Depths:4
Pandemonium: Depths:1 Depths:2

Annotations:
Lair:5 1 runed translucent door
Vaults:4 3 runed translucent doors, exclusion: obsidian statue, abarbat's ghost, adept MiBe
Depths:3 1 transporter, Amikeex's ghost, adept TrMo


Innate Abilities, Weirdness & Mutations

You have very sharp teeth.
Your uncanny sense of smell can sniff out nearby items.
Your experience applies equally to all skills.


Message History

* * * LOW HITPOINT WARNING * * *
You feel drained.
* * * LOW HITPOINT WARNING * * *
The vault warden hits you but does no damage.
An ironbound preserver comes into view. It is wielding a +0 dire flail.
The deep elf death mage shouts!
The fire giant shouts!
The vault sentinel shouts!
The white very ugly thing gurgles horribly!
The storm dragon roars deafeningly!
The golden dragon roars deafeningly!
You hear a shout!
Casting: Iskenderun's Mystic Blast (safe; 1% risk of failure)
Confirm with . or Enter, or press ? or * to list all spells.
You feel a strong surge of power!
You erupt in a blast of force!
The mystic blast hits the fire giant!
The fire giant is lightly wounded.
The mystic blast hits the deep elf death mage!!
The deep elf death mage is moderately wounded.
The deep elf death mage is knocked back by the mystic blast.
The mystic blast hits the tengu reaver!!
The tengu reaver is moderately wounded.
The tengu reaver is knocked back by the mystic blast.
The mystic blast hits the vault warden!!
The vault warden is moderately wounded.
The vault warden is knocked back by the mystic blast.
The vault warden collides with the fire giant!
The fire giant is moderately wounded.
The vault warden is heavily wounded.
The mystic blast hits the yaktaur captain!
The yaktaur captain is moderately wounded.
The yaktaur captain is knocked back by the mystic blast.
The yaktaur captain slams into the heavily etched metal wall!
The yaktaur captain is moderately wounded.
The mystic blast hits the war gargoyle!
The war gargoyle is knocked back by the mystic blast.
The mystic blast hits the tentacled monstrosity.
The tentacled monstrosity is lightly wounded.
The tentacled monstrosity is knocked back by the mystic blast.
The war gargoyle launches metal splinters at you.
The spray of metal splinters hits you!!
You die...

..ยง.# ..
..........#....#
...........#...#
D.p...e.#........#..#
.......(.#. ......#.#
........=.#.....e...#
..p..u..Dc.#.....#..#
#..X.9...Q.# ... #.#
#....).....
#..@.pC...
....#........ ..
..#.......
............ ....
........
............. #..
........#


You could see a tentacled monstrosity, an ironbound preserver, a golden dragon,
a storm dragon, a white very ugly thing, a fire giant, a vault warden, a tengu
reaver, a yaktaur captain, a deep elf death mage, a war gargoyle (catching
breath) and a vault sentinel.

Vanquished Creatures
  A dread lich (Zig:5)
  2 juggernauts
  Vashnia (Snake:3)
  Frederick (Vaults:5)
  the Enchantress (Depths:1)
  Jory (Vaults:3)
  2 bone dragons
  Zenata (Vaults:2)
  A searing wretch (Zig:9)
  An Ice Fiend (Depths:2)
  2 hellephants
  A walking earthen tome (Depths:4)
  A quicksilver dragon (Zig:6)
  Frances (Snake:2)
  4 sphinxes
  2 krakens
  Gastronok (Lair:2)
  Agnes (D:15)
  A storm dragon (Depths:4)
  Roxanne (D:15)
  A shadow dragon (shapeshifter) (Zig:1)
  6 nagarajas
  2 fire giants
  8 vault wardens
  A daeva (Depths:2)
  6 balrugs (Zig:9)
  A draconian shifter (Depths:4)
  An orc warlord (Zig:7)
  An iron dragon (Depths:3)
  5 frost giants
  A deep elf elementalist (Elf:2)
  Aizul (Snake:3)
  13 ironbound preservers
  3 spriggan defenders
  2 draconian annihilators
  A draconian stormcaller (Depths:4)
  15 very ugly things
  5 ironbound thunderhulks
  5 vampire knights
  A black draconian (Depths:4)
  9 stone giants
  2 green draconians (Depths:4)
  A lorocyproca (Depths:1)
  3 yellow draconians (Depths:4)
  4 spark wasps (Depths:3)
  An entropy weaver (Vaults:3)
  5 ettins
  Snorg (D:14)
  4 merfolk impalers
  A spectral kraken (Shoals:2)
  2 crystal guardians
  4 merfolk javelineers
  A deep elf high priest (Vaults:5)
  4 fire dragons
  7 great orbs of eyes
  13 ice dragons
  2 rakshasas
  8 yaktaur captains
  2 salamander tyrants
  5 hydras
  4 catoblepae
  3 spriggan air magi
  13 vault guards
  3 merfolk avatars (Shoals:2)
  An ogre mage (Zig:5)
  10 centaur warriors
  7 boulder beetles
  An alligator snapping turtle (Shoals:1)
  A radroach (shapeshifter) (Elf:1)
  A death knight (Vaults:2)
  5 two-headed ogres
  2 ironbound frosthearts (Vaults:4)
  16 anacondas
  28 dancing weapons
  6 death yaks
  3 merfolk aquamancers
  13 naga warriors
  A deep troll shaman (Depths:1)
  6 tengu warriors
  A hell hog (Zig:9)
  13 naga sharpshooters
  2 spriggan berserkers
  3 vampire magi
  5 deep troll earth magi
  5 orc high priests (Orc:2)
  Urug (Lair:2)
  Sonja (D:13)
  3 hell knights (Vaults:3)
  Nergalle (Orc:1)
  6 shock serpents
  A sun demon (Depths:1)
  5 salamander mystics (Snake:4)
  14 deep elf knights
  4 wretched stars
  A spatial maelstrom (Zig:8)
  5 sea snakes
  A skeletal warrior (Vaults:2)
  A flayed ghost (Depths:3)
  9 wizards
  15 naga ritualists
  47 deep trolls
  7 starcursed masses (Zig:8)
  4 lindwurms
  6 deep elf archers
  9 ironbound convokers
  Pikel (D:5)
  An orc knight (Orc:1)
  22 harpies
  18 deep elf pyromancers
  2 necromancers
  20 deep elf zephyrmancers
  The ghost of corgi the Ducker, a novice MfGl of Dithmenos (D:6)
  4 oklob plants
  29 ugly things
  A shining eye (Zig:2)
  14 mana vipers
  3 orc sorcerers
  7 fauns (Shoals:1)
  12 salamanders
  18 manticores
  16 elephants
  9 cyclopes
  4 vault sentinels
  A moth of wrath (Zig:7)
  49 black mambas
  9 merfolk sirens
  A torpor snail (Lair:4)
  4 guardian serpents
  2 water nymphs
  4 molten gargoyles (D:12)
  A smoke demon (Zig:4)
  21 naga magi
  17 cane toads
  3 gargoyles
  A water nymph (shapeshifter) (D:15)
  An orange demon (Depths:1)
  A rime drake (shapeshifter) (D:14)
  A spectral sea snake (Shoals:2)
  An efreet (D:14)
  26 yaktaurs
  A tormentor (Zig:4)
  3 tengu conjurers
  2 ancient zymes (Zig:8)
  11 komodo dragons
  2 kobold demonologists (D:12)
  An unseen horror zombie (D:10)
  A queen bee (shapeshifter) (D:12)
  7 rime drakes
  A hellwing (Depths:1)
  6 trolls
  3 wind drakes
  A troll (shapeshifter) (Elf:1)
  2 hornets
  2 polar bears
  41 merfolk
  A wolf spider simulacrum (D:15)
  3 snapping turtles
  A raiju (Zig:8)
  36 slime creatures
  8 blink frogs
  Prince Ribbit (D:5)
  12 dream sheep
  A shadow (D:9)
  14 water elementals
  5 spriggans
  3 wyverns
  4 wraiths
  55 yaks
  2 vampires
  16 vampire mosquitoes
  A golden eye (Zig:4)
  Grum (D:8)
  4 basilisks
  A chaos spawn (Depths:1)
  3 steam dragons
  2 redbacks (Vaults:3)
  Menkaure (D:5)
  48 nagas
  3 wargs (Orc:1)
  A spectral snapping turtle (Shoals:2)
  6 acid dragons
  19 water moccasins
  3 black bears (Lair:3)
  34 orc warriors
  A sky beast (D:8)
  2 ice beasts
  9 ogres
  21 wolves
  10 centaurs
  A kobold brigand (D:10)
  A scorpion (D:4)
  5 necrophages
  11 bullfrogs
  An earth elemental (Elf:2)
  3 elf zombies (Ossuary)
  3 two-headed ogre simulacra (Orc:2)
  A gnoll sergeant (D:8)
  7 wights
  8 killer bees (D:9)
  3 howler monkeys
  7 electric eels
  7 vampire bats (Bailey)
  9 wolf zombies (Bailey)
  A lava snake (D:12)
  10 centaur zombies
  2 hounds
  28 orc priests
  4 human zombies
  Ijyb (D:4)
  5 iguanas
  32 orc wizards
  2 spriggan simulacra (Orc:2)
  A wolf simulacrum (Orc:2)
  A troll simulacrum (Orc:2)
  6 mummies
  A howler monkey zombie (D:10)
  6 adders
  4 gnolls
  A naga simulacrum (Orc:2)
  A white imp (D:5)
  4 worms
  3 dart slugs
  77 orcs
  6 ball pythons
  8 endoplasms
  4 giant cockroaches
  13 goblins
  11 hobgoblins
  8 jackals
  10 kobolds
  A quokka (D:2)
  6 bats
  3 frilled lizards (D:1)
  19 orc zombies (Bailey)
  5 rats
  A fire vortex (Depths:2)
  3 tentacles (Shoals:1)
1575 creatures vanquished.

Vanquished Creatures (collateral kills)
  Margery (Vaults:3)
  The ghost of turdburglar the Skirmisher, an adept GnHu of Okawaru (Shoals:2)
  2 vault wardens
  A balrug (Zig:9)
  4 ironbound preservers
  A war gargoyle (Vaults:3)
  2 stone giants
  2 ironbound thunderhulks
  4 very ugly things
  4 dire elephants (Vaults:1)
  2 merfolk impalers (Shoals:4)
  3 merfolk javelineers (Shoals:4)
  A boulder beetle (Vaults:1)
  3 vault guards (Vaults:4)
  A great orb of eyes (Vaults:1)
  A yaktaur captain (Vaults:4)
  A peacekeeper (Vaults:3)
  A centaur warrior (Vaults:1)
  2 merfolk avatars (Shoals:4)
  An alligator snapping turtle (Shoals:4)
  An ironbound frostheart (Vaults:1)
  A satyr (Shoals:4)
  A deep troll earth mage (Depths:1)
  A merfolk aquamancer (Shoals:4)
  A spriggan berserker (Depths:1)
  A hell knight (Vaults:3)
  A spriggan (Depths:1)
  An iron troll (Depths:1)
  4 sea snakes
  20 deep trolls
  3 lindwurms (Vaults:3)
  7 harpies
  3 deep elf pyromancers (Elf:2)
  2 necromancers (Vaults:3)
  4 ironbound convokers
  7 ugly things
  A deep elf zephyrmancer (Elf:2)
  2 manticores (Shoals:4)
  A spectral alligator snapping turtle (Shoals:2)
  A cyclops (Shoals:4)
  An elephant (D:9)
  2 merfolk sirens (Shoals:4)
  A rust devil (Depths:1)
  3 vault sentinels
  3 water nymphs (Shoals:4)
  5 yaktaurs
  A hornet (Depths:1)
  9 merfolk
  A dream sheep (Shoals:4)
  2 wind drakes (Shoals:4)
  6 slime creatures
  4 snapping turtles (Shoals:4)
  A yak (Lair:1)
  3 starcursed masses (Zig:8)
  3 water elementals (Shoals:4)
  A neqoxec (Zig:8)
  A redback (Vaults:3)
  2 spectral snapping turtles (Shoals:2)
150 creatures vanquished.

Vanquished Creatures (others)
  An angel (D:9)
  2 spriggans (Depths:3)
  A naga (Snake:2)
  An ogre (Orc:2)
  An orc (Orc:2)
  28 fulminant prisms
  37 fungi
  272 plants
  11 tentacles
354 creatures vanquished.

Grand Total: 2079 creatures vanquished

Notes
Turn   | Place    | Note
-------+----------+-------------------------------------------
     0 | D:1      | mortz the Gnoll Conjurer began the quest for the Orb.
     0 | D:1      | Reached XP level 1. HP: 13/13 MP: 6/6
    93 | D:1      | Reached XP level 2. HP: 20/20 MP: 1/7
    96 | D:1      | Learned a level 2 spell: Searing Ray
   299 | D:1      | Reached skill level 5 in Spellcasting
   299 | D:1      | Reached XP level 3. HP: 25/25 MP: 6/9
   611 | D:1      | Reached skill level 1 in Invocations
   962 | D:1      | Found a faded altar of an unknown god.
   976 | D:1      | Reached skill level 1 in Fighting
   976 | D:1      | Reached skill level 1 in Short Blades
   976 | D:1      | Reached skill level 1 in Long Blades
   976 | D:1      | Reached skill level 1 in Axes
   976 | D:1      | Reached skill level 1 in Maces & Flails
   976 | D:1      | Reached skill level 1 in Polearms
   976 | D:1      | Reached skill level 1 in Staves
   976 | D:1      | Reached skill level 1 in Ranged Weapons
   976 | D:1      | Reached skill level 1 in Throwing
   976 | D:1      | Reached skill level 1 in Armour
   976 | D:1      | Reached skill level 1 in Shields
   976 | D:1      | Reached skill level 1 in Unarmed Combat
   976 | D:1      | Reached skill level 1 in Evocations
  1466 | D:2      | Reached XP level 4. HP: 32/32 MP: 8/11
  1902 | D:2      | Reached skill level 1 in Hexes
  1902 | D:2      | Reached skill level 1 in Summonings
  1902 | D:2      | Reached skill level 1 in Necromancy
  1902 | D:2      | Reached skill level 1 in Translocations
  1902 | D:2      | Reached skill level 1 in Transmutations
  1902 | D:2      | Reached skill level 1 in Fire Magic
  1902 | D:2      | Reached skill level 1 in Ice Magic
  1902 | D:2      | Reached skill level 1 in Air Magic
  1902 | D:2      | Reached skill level 1 in Earth Magic
  1902 | D:2      | Reached skill level 1 in Poison Magic
  2609 | D:3      | Reached XP level 5. HP: 9/37 MP: 0/12
  2950 | D:3      | Found a hide-covered altar of Uskayaw.
  2950 | D:3      | Noticed a +0 dagger
  2951 | D:3      | Noticed a +0 short sword
  2952 | D:3      | Noticed a +0 dagger
  2952 | D:3      | Noticed a +0 falchion
  2952 | D:3      | Noticed a +0 falchion
  2958 | D:3      | Noticed a +0 spear
  2960 | D:3      | Noticed a +0 spear
  2960 | D:3      | Noticed a +0 short sword
  3270 | D:3      | Found a sacrificial altar of Ru.
  3362 | D:3      | Found a sparkling altar of Nemelex Xobeh.
  3494 | D:3      | Identified a scroll of acquirement
  3494 | D:3      | Acquired the +1 buckler of the Bard {Rampage}
  3665 | D:4      | Noticed Ijyb
  3677 | D:4      | Killed Ijyb
  3912 | D:4      | Reached XP level 6. HP: 4/44 MP: 5/14
  4311 | D:4      | Reached skill level 5 in Dodging
  4489 | D:4      | Acquired the +1 pair of boots "Jisuj" {Fly rElec SInv}
  4786 | D:4      | Identified the +5 ring mail of Risu {Harm rPois Int-2}
  5061 | D:5      | Entered Level 5 of the Dungeon
  5131 | D:5      | Reached XP level 7. HP: 46/51 MP: 6/15
  5351 | D:5      | Found a bloodstained altar of Trog.
  5499 | D:5      | Reached skill level 5 in Stealth
  5531 | D:5      | Found a broken altar of Ashenzari.
  5537 | D:5      | Noticed Menkaure
  5549 | D:5      | Killed Menkaure
  5550 | D:5      | Reached XP level 8. HP: 35/58 MP: 8/16
  5712 | D:5      | Noticed Prince Ribbit
  5723 | D:5      | Killed Prince Ribbit
  5885 | D:5      | Found a shadowy altar of Dithmenos.
  5992 | D:5      | Found a shimmering blue altar of Sif Muna.
  6085 | D:5      | Noticed Pikel
  6093 | D:5      | Killed Pikel
  6314 | D:5      | Reached XP level 9. HP: 48/65 MP: 9/18
  6482 | D:6      | Found a sand-covered staircase.
  6487 | Ossuary  | Entered an ossuary
  7545 | D:6      | Found a runed translucent door.
  7576 | D:6      | Found a runed translucent door.
  7635 | D:6      | Found a basalt altar of Yredelemnul.
  7948 | D:6      | Noticed corgi's ghost (novice MfGl)
  7986 | D:7      | Reached skill level 5 in Invocations
  8202 | D:7      | Found a flagged portal.
  8259 | Bailey   | Entered a bailey
  9006 | Bailey   | Reached skill level 5 in Fighting
  9006 | Bailey   | Reached skill level 5 in Short Blades
  9006 | Bailey   | Reached skill level 5 in Long Blades
  9006 | Bailey   | Reached skill level 5 in Axes
  9006 | Bailey   | Reached skill level 5 in Maces & Flails
  9006 | Bailey   | Reached skill level 5 in Polearms
  9006 | Bailey   | Reached skill level 5 in Staves
  9006 | Bailey   | Reached skill level 5 in Ranged Weapons
  9006 | Bailey   | Reached skill level 5 in Throwing
  9006 | Bailey   | Reached skill level 5 in Armour
  9006 | Bailey   | Reached skill level 5 in Shields
  9006 | Bailey   | Reached skill level 5 in Unarmed Combat
  9006 | Bailey   | Reached skill level 5 in Evocations
  9006 | Bailey   | Reached XP level 10. HP: 74/74 MP: 6/20
  9157 | Bailey   | Noticed a gargoyle
  9166 | Bailey   | Killed a gargoyle
  9520 | Bailey   | Identified the +5 kite shield of Sorej {Dex+4}
  9524 | Bailey   | Identified the +1 robe of Mutimn {Str+2}
  9673 | D:7      | Found a white marble altar of Elyvilon.
  9683 | D:7      | Identified the +9 great sword of Cowardice {pain, rC+}
  9688 | D:7      | Found a staircase to the Ecumenical Temple.
  9708 | Temple   | Entered the Ecumenical Temple
  9837 | Temple   | Became a worshipper of Vehumet
 10687 | D:8      | Noticed Grum
 10700 | D:8      | Killed Grum
 11004 | D:8      | Found an opulent altar of Gozag.
 11597 | D:9      | Noticed a two-headed ogre
 11607 | D:9      | Killed a two-headed ogre
 11644 | D:9      | Killed an angel
 11854 | D:9      | Reached skill level 5 in Hexes
 11854 | D:9      | Reached skill level 5 in Summonings
 11854 | D:9      | Reached skill level 5 in Necromancy
 11854 | D:9      | Reached skill level 5 in Translocations
 11854 | D:9      | Reached skill level 5 in Transmutations
 11854 | D:9      | Reached skill level 5 in Fire Magic
 11854 | D:9      | Reached skill level 5 in Ice Magic
 11854 | D:9      | Reached skill level 5 in Air Magic
 11854 | D:9      | Reached skill level 5 in Earth Magic
 11854 | D:9      | Reached skill level 5 in Poison Magic
 11854 | D:9      | Reached XP level 11. HP: 72/81 MP: 13/22
 12054 | D:9      | Learned a level 3 spell: Mephitic Cloud
 12457 | D:9      | Found a staircase to the Lair.
 12692 | D:9      | Found a glowing silver altar of Zin.
 12692 | D:9      | Found a shimmering altar of Xom.
 13063 | D:9      | Reached * piety under Vehumet
 13063 | D:9      | Offered knowledge of Sandblast by Vehumet.
 13066 | D:9      | Learned a level 1 spell: Sandblast
 13645 | D:9      | Found a shimmering altar of Xom.
 13651 | D:9      | Found a glowing silver altar of Zin.
 13825 | D:9      | Found a staircase to the Lair.
 14670 | D:10     | Entered Level 10 of the Dungeon
 15727 | D:10     | Found a hazy altar of Hepliaklqana.
 15798 | D:10     | Found an ancient bone altar of Kikubaaqudgha.
 16181 | D:10     | Noticed a two-headed ogre
 16194 | D:10     | Killed a two-headed ogre
 16417 | D:10     | Learned a level 1 spell: Necrotise
 16450 | Lair:1   | Entered Level 1 of the Lair of Beasts
 16802 | D:9      | Reached XP level 12. HP: 91/91 MP: 19/24
 17030 | D:9      | Learned a level 2 spell: Call Imp
 17779 | Lair:1   | Offered knowledge of Shock by Vehumet.
 17782 | Lair:1   | Reached ** piety under Vehumet
 17785 | Lair:1   | Learned a level 1 spell: Shock
 17980 | Lair:1   | Noticed a catoblepas
 17998 | Lair:1   | Killed a catoblepas
 18195 | Lair:1   | Learned a level 2 spell: Static Discharge
 19116 | Lair:2   | Noticed Urug
 19324 | Lair:2   | Identified the +1 ring mail of the Ten Lives {Int+4}
 19341 | Lair:2   | Learned a level 4 spell: Iskenderun's Mystic Blast
 19356 | Lair:2   | Offered knowledge of Stone Arrow by Vehumet.
 19361 | Lair:2   | Learned a level 3 spell: Stone Arrow
 19415 | Lair:2   | Reached XP level 13. HP: 98/98 MP: 9/26
 19891 | Lair:2   | Killed Urug
 19892 | Lair:2   | Reached skill level 10 in Conjurations
 19946 | Lair:2   | Learned a level 3 spell: Vampiric Draining
 20056 | Lair:2   | Learned a level 4 spell: Fulminant Prism
 20307 | Lair:2   | Noticed Gastronok
 20319 | Lair:2   | Killed Gastronok
 20917 | Lair:3   | HP: 1/99 [poisoned by a cane toad]
 21418 | Lair:3   | Found a staircase to the Snake Pit.
 21641 | Lair:3   | Found a staircase to the Shoals.
 21685 | Lair:3   | Reached *** piety under Vehumet
 21750 | Lair:3   | Reached skill level 10 in Spellcasting
 22422 | Lair:3   | Offered knowledge of Conjure Flame by Vehumet.
 22776 | Lair:4   | Reached skill level 10 in Dodging
 23910 | Lair:3   | Reached **** piety under Vehumet
 23911 | Lair:3   | Reached skill level 10 in Stealth
 24099 | Lair:4   | Offered knowledge of Sticky Flame by Vehumet.
 24105 | Lair:4   | Learned a level 4 spell: Sticky Flame
 24589 | Lair:4   | Reached XP level 14. HP: 104/108 MP: 19/28
 24981 | Lair:4   | Reached skill level 10 in Invocations
 25290 | Lair:5   | Entered Level 5 of the Lair of Beasts
 27031 | Lair:5   | Reached ***** piety under Vehumet
 27031 | Lair:5   | Offered knowledge of Iron Shot by Vehumet.
 27043 | Lair:4   | Learned a level 6 spell: Iron Shot
 27127 | Lair:5   | Found a runed translucent door.
 27127 | Lair:5   | Found a viscous altar of Jiyva.
 27128 | Lair:5   | Found a staircase to the Slime Pits.
 27128 | Lair:5   | Noticed an acid blob
 27128 | Lair:5   | Noticed an acid blob
 29011 | D:11     | You are sucked into a shaft and drop 2 floors!
 29024 | D:13     | Reached skill level 10 in Fighting
 29024 | D:13     | Reached skill level 10 in Short Blades
 29024 | D:13     | Reached skill level 10 in Long Blades
 29024 | D:13     | Reached skill level 10 in Axes
 29024 | D:13     | Reached skill level 10 in Maces & Flails
 29024 | D:13     | Reached skill level 10 in Polearms
 29024 | D:13     | Reached skill level 10 in Staves
 29024 | D:13     | Reached skill level 10 in Ranged Weapons
 29024 | D:13     | Reached skill level 10 in Throwing
 29024 | D:13     | Reached skill level 10 in Armour
 29024 | D:13     | Reached skill level 10 in Shields
 29024 | D:13     | Reached skill level 10 in Unarmed Combat
 29024 | D:13     | Reached skill level 10 in Evocations
 29348 | D:13     | Reached XP level 15. HP: 95/115 MP: 2/30
 29594 | D:13     | Noticed Sonja
 30398 | D:12     | Identified the ring "Puojew" {rN+ MP-9 Int+3 SInv}
 31572 | D:12     | Identified the amulet "Noreeh" {RegenMP Drain +Inv rPois
                  | Int+3}
 31585 | D:12     | Identified the ring of Zufopr Emik {Wiz Dex+4 SInv}
 31594 | D:12     | Identified the amulet of Rech {RegenMP Dex+4}
 31711 | D:12     | Offered knowledge of Conjure Ball Lightning by Vehumet.
 32311 | D:12     | Found a staircase to the Orcish Mines.
 32639 | Orc:1    | Entered Level 1 of the Orcish Mines
 32641 | Orc:1    | Noticed Nergalle
 32654 | Orc:1    | Killed Nergalle
 32929 | Orc:2    | Entered Level 2 of the Orcish Mines
 32929 | Orc:2    | Found a staircase to the Elven Halls.
 32951 | Orc:2    | Found a frozen archway.
 33247 | Orc:1    | Found Soberuf's CLEARANCE SALE!.
 33256 | Orc:1    | Bought a wand of digging (8) for 168 gold pieces
 33256 | Orc:1    | Bought a wand of quicksilver (2) for 42 gold pieces
 33898 | Orc:2    | Offered knowledge of Spellforged Servitor by Vehumet.
 33994 | Orc:2    | Found Buepenk's Assorted Antiques.
 33994 | Orc:2    | Found Fuomn's Assorted Antiques.
 33995 | Orc:2    | Found Famofreadd's Distillery.
 34013 | Orc:2    | Found Duphotte's General Store.
 34016 | Orc:2    | Bought a scroll labelled VERAXYSEAPS for 27 gold pieces
 34017 | Orc:2    | Bought a scroll of identify for 30 gold pieces
 34017 | Orc:2    | Bought a scroll of poison for 60 gold pieces
 34017 | Orc:2    | Bought a scroll of identify for 30 gold pieces
 34030 | Orc:2    | Bought a scroll of acquirement for 1612 gold pieces
 34030 | Orc:2    | Bought a scroll of identify for 62 gold pieces
 34039 | Orc:2    | Acquired the +5 kite shield of Hide-and-Seek {rF+ rC+}
 34054 | Orc:2    | Bought a potion of brilliance for 40 gold pieces
 34723 | D:13     | Killed Sonja
 35172 | D:13     | Acquired 1100 gold pieces
 35220 | D:13     | Found a gate to the Vaults.
 35536 | D:14     | Reached XP level 16. HP: 124/124 MP: 20/32
 35629 | D:14     | Noticed Snorg
 35637 | D:14     | Killed Snorg
 36228 | D:6      | Killed corgi's ghost
 36474 | Orc:2    | Bought a potion of magic for 80 gold pieces
 36720 | D:15     | Entered Level 15 of the Dungeon
 36752 | D:15     | Identified Roxanne's Papyrus of Shapeshifting
 36752 | D:15     | Noticed Roxanne
 36866 | D:15     | Found Mukhleyv's Jewellery Emporium.
 37137 | D:15     | Noticed Agnes
 37149 | D:15     | Killed Agnes
 37726 | D:15     | Found a staircase to the Depths.
 37974 | D:15     | Killed Roxanne
 38208 | Snake:1  | Entered Level 1 of the Snake Pit
 38428 | Snake:1  | Found an opulent altar of Gozag.
 38564 | Snake:1  | Offered knowledge of Ozocubu's Refrigeration by Vehumet.
 39260 | Snake:1  | Found Kiecuv's Armour Boutique.
 39949 | Snake:2  | Noticed Frances
 39964 | Snake:2  | Killed Frances
 41110 | Snake:3  | Noticed Aizul
 41144 | Snake:3  | Killed Aizul
 41145 | Snake:3  | Reached XP level 17. HP: 96/133 MP: 3/33
 41765 | Snake:3  | Reached skill level 10 in Hexes
 41765 | Snake:3  | Reached skill level 10 in Summonings
 41765 | Snake:3  | Reached skill level 10 in Necromancy
 41765 | Snake:3  | Reached skill level 10 in Translocations
 41765 | Snake:3  | Reached skill level 10 in Transmutations
 41765 | Snake:3  | Reached skill level 10 in Fire Magic
 41765 | Snake:3  | Reached skill level 10 in Ice Magic
 41765 | Snake:3  | Reached skill level 10 in Air Magic
 41765 | Snake:3  | Reached skill level 10 in Earth Magic
 41765 | Snake:3  | Reached skill level 10 in Poison Magic
 41776 | Snake:2  | Learned a level 5 spell: Freezing Cloud
 42203 | Snake:3  | Noticed Vashnia
 42224 | Snake:3  | Killed Vashnia
 44586 | Snake:4  | Entered Level 4 of the Snake Pit
 44635 | Snake:4  | Found an ancient bone altar of Kikubaaqudgha.
 45351 | Snake:4  | Reached ****** piety under Vehumet
 46027 | Snake:4  | Reached XP level 18. HP: 141/141 MP: 1/35
 46775 | Snake:4  | Got a serpentine rune of Zot
 46993 | Snake:1  | Bought a +0 pair of gloves for 58 gold pieces
 47291 | D:15     | Bought a ring of willpower for 325 gold pieces
 47542 | Shoals:1 | Entered Level 1 of the Shoals
 47860 | Shoals:1 | Offered knowledge of Irradiate by Vehumet.
 48087 | Shoals:1 | Identified the +12 whip of Waumufahoy {vorpal, rN+}
 48843 | Shoals:2 | Found a transporter.
 48843 | Shoals:2 | Found a transporter.
 48844 | Shoals:2 | Noticed turdburglar's ghost (adept GnHu)
 49669 | Shoals:2 | Found Vuras's Weapon Shop.
 50216 | Shoals:2 | Learned a level 7 spell: Spellforged Servitor
 51185 | Shoals:4 | Entered Level 4 of the Shoals
 51185 | Shoals:4 | Found a transporter.
 51302 | Shoals:4 | Found a transporter.
 51328 | Shoals:4 | Found a transporter.
 51368 | Shoals:4 | Offered knowledge of Fireball by Vehumet.
 51396 | Shoals:4 | Found a transporter.
 51430 | Shoals:4 | Learned a level 5 spell: Fireball
 51473 | Shoals:4 | Reached XP level 19. HP: 149/149 MP: 22/37
 51531 | Shoals:4 | Found a transporter.
 51537 | Shoals:4 | Found a transporter.
 52957 | Shoals:4 | Got a barnacled rune of Zot
 53012 | Shoals:4 | Identified the +1 robe of Yredelemnul's Regard {rF+ Int-5
                  | SInv}
 53757 | Shoals:2 | Killed turdburglar's ghost
 53761 | Shoals:2 | Identified the ring of the Rose {+Blink rN+}
 54330 | Vaults:1 | Entered Level 1 of the Vaults
 54371 | Vaults:1 | Offered knowledge of Eringya's Noxious Bog by Vehumet.
 55695 | Vaults:1 | Reached skill level 15 in Invocations
 55945 | Vaults:1 | Reached XP level 20. HP: 123/158 MP: 21/38
 56583 | Vaults:2 | You are sucked into a shaft and drop 1 floor!
 56838 | Vaults:2 | Found a staircase to the Crypt.
 57406 | Vaults:2 | Offered knowledge of Fire Storm by Vehumet.
 57406 | Vaults:2 | Offered knowledge of Shatter by Vehumet.
 57406 | Vaults:2 | Offered knowledge of Chain Lightning by Vehumet.
 57733 | Vaults:2 | Noticed Zenata
 57738 | Vaults:2 | Reached skill level 15 in Spellcasting
 58311 | Vaults:2 | Found Idodih's General Store.
 58936 | Vaults:3 | Reached skill level 15 in Dodging
 59109 | Vaults:3 | Noticed Margery
 59120 | Vaults:3 | Killed Margery
 59375 | Vaults:3 | Noticed Jory
 59388 | Vaults:3 | Killed Jory
 59579 | Vaults:3 | Reached skill level 15 in Stealth
 60496 | Vaults:3 | Reached XP level 21. HP: 166/166 MP: 19/40
 61419 | Vaults:4 | Learned a level 7 spell: Orb of Destruction
 62609 | Vaults:4 | Found a runed translucent gate.
 62609 | Vaults:4 | Found a runed translucent gate.
 62609 | Vaults:4 | Found a runed translucent gate.
 62609 | Vaults:4 | Found an opulent altar of Gozag.
 62611 | Vaults:4 | Found Demar's Assorted Antiques.
 62611 | Vaults:4 | Found Hebutu's Assorted Antiques.
 62611 | Vaults:4 | Noticed abarbat's ghost (adept MiBe)
 62815 | Vaults:4 | Found Eviasyac's General Store.
 63048 | Vaults:2 | Killed Zenata
 63437 | Elf:1    | Entered Level 1 of the Elven Halls
 63449 | Elf:1    | Reached skill level 15 in Fighting
 63449 | Elf:1    | Reached skill level 15 in Short Blades
 63449 | Elf:1    | Reached skill level 15 in Long Blades
 63449 | Elf:1    | Reached skill level 15 in Axes
 63449 | Elf:1    | Reached skill level 15 in Maces & Flails
 63449 | Elf:1    | Reached skill level 15 in Polearms
 63449 | Elf:1    | Reached skill level 15 in Staves
 63449 | Elf:1    | Reached skill level 15 in Ranged Weapons
 63449 | Elf:1    | Reached skill level 15 in Throwing
 63449 | Elf:1    | Reached skill level 15 in Armour
 63449 | Elf:1    | Reached skill level 15 in Shields
 63449 | Elf:1    | Reached skill level 15 in Unarmed Combat
 63449 | Elf:1    | Reached skill level 15 in Evocations
 64037 | Elf:1    | Found Fistasah's Assorted Antiques.
 64043 | Elf:1    | Bought a scroll of blinking for 202 gold pieces
 64043 | Elf:1    | Bought a scroll of teleportation for 81 gold pieces
 65066 | Elf:2    | Found a runed translucent gate.
 65066 | Elf:2    | Found a runed translucent gate.
 65066 | Elf:2    | Found a runed translucent gate.
 65870 | Elf:2    | Reached XP level 22. HP: 175/175 MP: 42/42
 66675 | Depths:1 | Entered Level 1 of the Depths
 66707 | Depths:1 | Noticed the Enchantress
 66763 | Depths:1 | Killed the Enchantress
 67112 | Depths:1 | Found a one-way gate leading to the halls of Pandemonium.
 67112 | Depths:1 | Found Haquh's Neck Hole.
 67283 | Depths:1 | Bought a scarf of shadows for 204 gold pieces
 67585 | Depths:1 | Found a gateway to Hell.
 68023 | Depths:1 | Paralysed by a vampire knight for 3 turns
 68055 | Depths:1 | Identified the +3 plate armour of Resilience {*Slow rElec
                  | Slay+3}
 68173 | Depths:2 | Found a one-way gate to the infinite horrors of the Abyss.
 68568 | Depths:2 | Found Ajiy's Armour Shoppe.
 68667 | Depths:2 | Reached skill level 15 in Conjurations
 69523 | Depths:2 | Found an ornate altar of the Wu Jian Council.
 69578 | Depths:2 | Found a glowing golden altar of the Shining One.
 69875 | Depths:3 | Found a one-way gateway to a ziggurat.
 70598 | Depths:3 | Found a transporter.
 70599 | Depths:3 | Identified the +3 great mace "Conservator" {speed, rElec
                  | rC++ Str-2}
 70599 | Depths:3 | Identified the +9 giant club of Upheaval {antimagic, rC++
                  | Dex+7}
 70599 | Depths:3 | Identified the +11 great mace of Deol {vorpal, Dex+4}
 70600 | Depths:3 | Noticed Amikeex's ghost (adept TrMo)
 70881 | Zig:1    | Entered Level 1 of a ziggurat
 70910 | Zig:2    | Entered Level 2 of a ziggurat
 70959 | Zig:3    | Entered Level 3 of a ziggurat
 70997 | Zig:3    | Identified the ring "Geaz" {Fly rPois MP+9 Slay+3}
 71033 | Zig:4    | Entered Level 4 of a ziggurat
 71098 | Zig:4    | Identified the +7 short sword of Dull Judgement {pain, Fly
                  | rElec rF++ rCorr}
 71107 | Zig:5    | Entered Level 5 of a ziggurat
 71113 | Zig:5    | Noticed a dread lich
 71132 | Zig:5    | Killed a dread lich
 71138 | Zig:5    | Reached XP level 23. HP: 167/183 MP: 19/43
 71210 | Zig:5    | Learned a level 2 spell: Passwall
 71212 | Zig:6    | Entered Level 6 of a ziggurat
 71279 | Zig:6    | Identified the +0 leather armour of Sloth {Int+4 Dex-5
                  | Stlth+}
 71287 | Zig:7    | Entered Level 7 of a ziggurat
 71293 | Zig:7    | Noticed a juggernaut
 71300 | Zig:7    | Killed a juggernaut
 71386 | Zig:7    | Found the +4 robe of Folly {Brilliance Will-โˆž Int+8}
 71399 | Zig:7    | Got Sif Muna's Reference Book on the Atmosphere and
                  | Impurities
 71440 | Zig:8    | Entered Level 8 of a ziggurat
 71461 | Zig:8    | Paralysed by accursed screaming for 1 turns
 71468 | Zig:8    | HP: 6/184 [hellephant/blast of flame (26)]
 71888 | Zig:8    | Identified the +1 pair of gloves of Liyluj {Will++ SInv}
 71944 | Zig:9    | Entered Level 9 of a ziggurat
 72269 | Zig:9    | Identified the +7 rapier of Melee {flame, rElec}
 72292 | Depths:4 | Entered Level 4 of the Depths
 72550 | Depths:4 | Found a basalt altar of Yredelemnul.
 72756 | Depths:4 | Found Saeniul's General Store.
 72758 | Depths:4 | Found Pulig's Book Boutique.
 72760 | Depths:4 | Found Pagaom's General Store.
 72769 | Depths:4 | Bought a manual of Shields for 1280 gold pieces
 72815 | Depths:4 | Noticed a juggernaut
 72820 | Depths:4 | Killed a juggernaut
 73758 | Depths:4 | Found a gate to the Realm of Zot.
 74273 | Vaults:4 | Learned a level 7 spell: Ozocubu's Refrigeration
 74275 | Vaults:5 | Entered Level 5 of the Vaults
 74275 | Vaults:5 | Noticed Frederick
 74283 | Vaults:5 | Killed Frederick
 74298 | Vaults:5 | Identified the +11 hand axe of the Old World {drain, rN+
                  | Int+3}
 74298 | Vaults:5 | Noticed a golden dragon
 74299 | Vaults:5 | Killed from afar by a war gargoyle

Illustrated notes

Levels and vault maps discovered:
D:1:      denvon_arrival_waterhouse, layout_basic,
          chequers_ecumenical_altar_simple, amcnicky_mini_rare_corridor_liquid,
          st_stairs_11
D:2:      layout_basic, corexii_shack, corexii_item_surrounded_by_moat
D:3:      layout_basic, nicolae_uskayaw_en_pointe,
          lemuel_coloured_pillars_altar, mainiacjoe_overflow_small_starburst
D:4:      layout_rooms, uniq_ijyb
D:5:      layout_loops_ring, mainiacjoe_overflow_catch_the_wave,
          marbit_many_paths, amcnicky_altar_gilded, uniq_prince_ribbit1,
          uniq_pikel, uniq_menkaure
D:6:      layout_cave_pools, nicolae_overflow_crystal_walls,
          ebering_ghost_sewer_f, lightli_ossuary_entry_decrepit_ruins
D:7:      layout_basic, nicolae_elyvilon_peaceful_grove,
          minmay_temple_entry_glass, enter_bailey_5
D:8:      layout_rooms, nicolae_gozag_cash_rules_everything_around_me, uniq_grum
D:9:      layout_grid_maze, grunt_temple_overflow_order_and_chaos_1,
          david_lair_shrubbed
D:10:     layout_roguey, lemuel_mausoleum_altar_kikubaaqudgha,
          nicolae_hepliaklqana_hippocampus
D:11:     layout_basic
D:12:     minmay_the_grid_triangle_9x9_rhombus_full_mashed
          [minmay_the_grid_triangle_9x9_odd_lines,
          minmay_the_grid_triangle_9x9_checkered,
          minmay_the_grid_triangle_9x9_thin_v,
          minmay_the_grid_triangle_9x9_semitri,
          minmay_the_grid_triangle_9x9_stretched_checkered,
          minmay_the_grid_triangle_9x9_shrine,
          minmay_the_grid_triangle_9x9_intruding_spiral,
          minmay_the_grid_triangle_9x9_prize_special], layout_cave_pools,
          hiddenorc1_lemuel, minivault_8
D:13:     layout_irregular_city, erik_vaults_1, serial_bayou,
          serial_bayou_shore_a, serial_bayou_pond_e, serial_bayou_pond_b,
          serial_bayou_ford_a, billiards_dpeg, uniq_sonja
D:14:     layout_roguey, uniq_snorg
D:15:     gammafunk_enter_depths_forms, layout_rooms, serial_shops, shop,
          chequers_decorated_corner, uniq_agnes, uniq_roxanne
Temple:   nicolae_temple_godpark
Lair:1:   layout_cave_pods, nicolae_quartered_pool_super
Lair:2:   layout_regular_city, grunt_megastairs_2, uniq_gastronok, uniq_urug
Lair:3:   layout_hall_layers, elwin_shoals_entry_stream,
          guppyfry_snake_entry_garden, nicolae_lair_lakeside_cave
Lair:4:   dpeg_oklob_gauntlet, layout_cave_pods, nicolae_lair_yak_garden
Lair:5:   evilmike_catoblepas_cave, layout_cave_pods, slime_entry_2,
          columned_hall_lemuel, st_stairs_6
Shoals:1: layout_shoals
Shoals:2: cheibrodos_shoals_baths, layout_shoals, ebering_ghost_davey_jones,
          serial_shops, shop_fountains, nicolae_shoals_wave_tunnel
Shoals:3: layout_shoals
Shoals:4: shoals_end_simple, layout_shoals, serial_nicolae_subway,
          nicolae_sub_station_stone, nicolae_sub_station_crystal,
          nicolae_sub_station_metal
Snake:1:  layout_layer_cave, serial_shops, shop, basic_altar,
          nicolae_triple_integral
Snake:2:  layout_cave_shapes, uniq_frances
Snake:3:  layout_layer_cave, uniq_aizul, uniq_vashnia
Snake:4:  snake_pit, layout_cave_town, basic_altar
Orc:1:    layout_caves, nicolae_shop_clearance, uniq_nergalle
Orc:2:    st_orc_mages, layout_caves, portal_ice_cave_entry_ice_simulacra
Elf:1:    layout_loops_corners, serial_shops, nicolae_diamond_shop,
          hangedman_elven_crosses_minicolossus, nicolae_elf_variegated_diamond
Elf:2:    nicolae_elf_blades_splatter_lattice [nicolae_blade_entry_pointy_end],
          layout_loops_corners, minivault_25_ag
Vaults:1: grunt_vaults_trifunnel, vaults_room_fours, vaults_room_fancy_cross,
          hangedman_vaults_river_flow, nicolae_vaults_little_squares_4,
          nicolae_vaults_little_ls, vaults_room_fancy_cross,
          vaults_room_door_hall, dpeg_vaults_monster_box, layout_vaults_big_room
Vaults:2: nicolae_vaults_circle_grid_a, v_misc_31, nicolae_vaults_circle_grid_a,
          minmay_crypt_entry_simple_statues, vaults_room_mumra_shop_pool,
          nicolae_vaults_ring_of_whatevers, v_misc_4, v_misc_10,
          ontoclasm_vaults_ligature, vaults_room_hallway, v_alt_pattern_1,
          nicolae_vaults_little_squares_3, layout_vaults_big_cross, uniq_zenata
Vaults:3: portal_desolation_entry_ruin, v_misc_19, v_alt_pattern_3,
          vaults_room_door_ring, ontoclasm_vaults_loading_screen,
          vaults_room_door_ring, layout_vaults_omnigrid, uniq_margery, uniq_jory
Vaults:4: ebering_ghost_gozag, ontoclasm_vaults_spin, hangedman_vaults_stagger,
          nicolae_vaults_what_the_h, vaults_room_semicircle,
          nicolae_vaults_big_angled_halls, v_pattern_1, vaults_room_boxed,
          nicolae_vaults_little_squares_5, hangedman_vaults_slice,
          nicolae_vaults_little_squares_6, layout_vaults_maze, serial_shops,
          shop
Vaults:5: uniq_mennas, uniq_frederick
Depths:1: layout_twisted_cross, rand_demon_pan_entry_3, hangedman_geh_valley,
          dreamdust_wishing_well, nicolae_twisting_strands, corner_web_ring,
          nicolae_shop_sticking_my_neck_out, uniq_enchantress
Depths:2: wander_protected_by_tso, layout_cave_pools, hell_entry, serial_shops,
          nicolae_shop_temple_entry_statues_fountains, abyss_entry,
          grunt_pan_entry_spiral, nicolae_wu_jian_wuxing_cycle,
          infiniplex_staircase_pool_2
Depths:3: dreamdust_experimentation, layout_cave_pools, enter_ziggurat_a,
          grunt_hell_entry_dis_grunt, serial_column_ruins, column_ruins_grid_1,
          column_ruins_corridor_straight, column_ruins_grid_1,
          column_ruins_open_large, column_ruins_columns_straight,
          column_ruins_grid_3, gammafunk_ghost_smash,
          hangedman_abyss_entry_splay
Depths:4: grunt_zot_entry_pinwheel, layout_cave_shapes,
          yredelemnul_altar_generic, pf_hell_entry_tar_spiral, abyss_entry,
          minivault_11, serial_bayou_shore_b, minmay_shop_star

Skill      XL: |  1  2  3  4  5  6  7  8  9 10 11 12 13 14 15 16 17 18 19 20 21 22 23 |
---------------+----------------------------------------------------------------------+-----
Spellcasting   | 5 6 7 8 9 10 11 12 13 14 15 16 17 | 17.1
Invocations    | 1 2 3 4 5 6 7 8 9 10 11 12 13 14 15 16 17 | 17.8
Fighting       | 1 2 3 4 5 6 7 8 9 10 11 12 13 14 15 16 | 16.4
Short Blades   | 1 2 3 4 5 6 7 8 9 10 11 12 13 14 15 16 | 16.4
Long Blades    | 1 2 3 4 5 6 7 8 9 10 11 12 13 14 15 16 | 16.4
Axes           | 1 2 3 4 5 6 7 8 9 10 11 12 13 14 15 16 | 16.4
Maces & Flails | 1 2 3 4 5 6 7 8 9 10 11 12 13 14 15 16 | 16.4
Polearms       | 1 2 3 4 5 6 7 8 9 10 11 12 13 14 15 16 | 16.4
Staves         | 1 2 3 4 5 6 7 8 9 10 11 12 13 14 15 16 | 16.4
Ranged Weapons | 1 2 3 4 5 6 7 8 9 10 11 12 13 14 15 16 | 16.4
Throwing       | 1 2 3 4 5 6 7 8 9 10 11 12 13 14 15 16 | 16.4
Armour         | 1 2 3 4 5 6 7 8 9 10 11 12 13 14 15 16 | 16.4
Shields        | 1 2 3 4 5 6 7 8 9 10 11 12 13 14 15 16 | 16.7
Unarmed Combat | 1 2 3 4 5 6 7 8 9 10 11 12 13 14 15 16 | 16.4
Evocations     | 1 2 3 4 5 6 7 8 9 10 11 12 13 14 15 16 | 16.4
Hexes          | 1 2 3 4 5 6 7 8 9 10 11 12 13 14 | 14.0
Summonings     | 1 2 3 4 5 6 7 8 9 10 11 12 13 14 | 14.0
Necromancy     | 1 2 3 4 5 6 7 8 9 10 11 12 13 14 | 14.0
Translocations | 1 2 3 4 5 6 7 8 9 10 11 12 13 14 | 14.0
Transmutations | 1 2 3 4 5 6 7 8 9 10 11 12 13 14 | 14.0
Fire Magic     | 1 2 3 4 5 6 7 8 9 10 11 12 13 14 | 14.0
Ice Magic      | 1 2 3 4 5 6 7 8 9 10 11 12 13 14 | 14.0
Air Magic      | 1 2 3 4 5 6 7 8 9 10 11 12 13 14 | 14.0
Earth Magic    | 1 2 3 4 5 6 7 8 9 10 11 12 13 14 | 14.0
Poison Magic   | 1 2 3 4 5 6 7 8 9 10 11 12 13 14 | 14.0
Dodging        | 5 6 7 8 9 10 11 12 13 14 15 16 17 | 17.0
Stealth        | 5 6 7 8 9 10 11 12 13 14 15 16 | 16.9
Conjurations   | 8 9 10 11 12 13 14 15 | 15.5

Action                   |  1- 3 |  4- 6 |  7- 9 | 10-12 | 13-15 | 16-18 | 19-21 | 22-24 || total
-------------------------+-------+-------+-------+-------+-------+-------+-------+-------++-------
Melee: Dagger            |     3 |       |       |       |       |       |       |       ||     3
       Short sword       |       |     2 |    10 |    26 |    26 |    22 |    31 |       ||   117
       Bite              |       |       |       |     1 |     9 |       |       |       ||    10
       Staff             |       |       |       |       |    28 |     1 |     1 |       ||    30
       Quick blade       |       |       |       |       |       |       |       |     5 ||     5
 Cast: Magic Dart        |    65 |    93 |    49 |    57 |     8 |     2 |     5 |     3 ||   282
       Searing Ray       |       |    22 |    69 |    78 |       |       |       |       ||   169
       Sandblast         |       |       |       |   209 |       |       |       |       ||   209
       Necrotise         |       |       |       |    29 |     2 |       |       |       ||    31
       Mephitic Cloud    |       |       |       |    17 |    75 |    17 |       |       ||   109
       Shock             |       |       |       |   112 |   606 |    49 |       |       ||   767
       Static Discharge  |       |       |       |    36 |   104 |       |       |       ||   140
       Call Imp          |       |       |       |     5 |     3 |       |       |       ||     8
       Stone Arrow       |       |       |       |     4 |   139 |   579 |   440 |   156 ||  1318
       Iskenderun's Myst |       |       |       |       |   152 |   126 |   115 |   110 ||   503
       Vampiric Draining |       |       |       |       |    13 |       |       |       ||    13
       Sticky Flame      |       |       |       |       |   108 |     1 |     2 |       ||   111
       Fulminant Prism   |       |       |       |       |    16 |    11 |     1 |       ||    28
       Freezing Cloud    |       |       |       |       |       |   177 |   163 |    74 ||   414
       Spellforged Servi |       |       |       |       |       |     9 |    86 |    10 ||   105
       Fireball          |       |       |       |       |       |       |    10 |    11 ||    21
       Iron Shot         |       |       |       |       |       |       |    34 |   140 ||   174
       Orb of Destructio |       |       |       |       |       |       |    11 |     7 ||    18
       Ozocubu's Refrige |       |       |       |       |       |       |       |     4 ||     4
Evoke: Wand              |       |       |       |     5 |     5 |     5 |     2 |       ||    17
       Box of beasts     |       |       |       |       |       |       |       |     1 ||     1
  Use: Scroll            |     5 |    10 |     9 |     4 |    12 |     6 |     3 |     8 ||    57
       Potion            |       |       |       |     1 |     6 |     3 |     1 |    10 ||    21
 Stab: Sleeping          |     3 |     1 |     7 |     9 |    10 |    17 |    24 |     5 ||    76
       Distracted        |       |       |     1 |       |       |     1 |       |       ||     2
       Confused          |       |       |       |       |    10 |       |       |       ||    10
Armor: Robe              |     3 |       |       |       |       |       |       |     2 ||     5
       Leather armour    |       |     8 |       |       |       |       |       |       ||     8
       Skin              |       |     3 |       |       |       |       |       |       ||     3
       Ring mail         |       |     1 |    43 |    97 |    70 |    54 |    47 |       ||   312
       Acid dragon scale |       |       |       |       |       |       |       |     8 ||     8
Dodge: Dodged            |     8 |    13 |    66 |   203 |   180 |   132 |   114 |    68 ||   784
       Repelled          |       |       |       |     2 |     9 |    19 |     8 |     2 ||    40
Block: Buckler           |       |     7 |    21 |    16 |       |       |       |       ||    44
       Kite shield       |       |       |       |   361 |   344 |   244 |   218 |    70 ||  1237
